 Dungeon Crawl Stone Soup version 0.24.1-8-ga250c9d538 (webtiles) character file.

Game seed: 12879519650929593000, levelgen mode: deterministic

1720 Lemonice the Charmwright (level 9, 0/69 HPs)
             Began as a Gnoll Skald on Apr 29, 2020.
             Was an Initiate of Ru.
             Killed from afar by Harold (12 damage)
             ... with a harpoon shot
             ... on level 7 of the Dungeon.
             The game lasted 00:13:28 (5613 turns).

Lemonice the Charmwright (Gnoll Skald)              Turns: 5613, Time: 00:13:29

Health: 0/69       AC:  4    Str: 22    XL:     9   Next: 4%
Magic:  11/18      EV: 16    Int: 19    God:    Ru [......]
Gold:   337        SH:  0    Dex: 18    Spells: 9/20 levels left

rFire    + . .     SeeInvis .   I - +10 mace of Integrity {crush, rN+ Dex+4}
rCold    . . .     Gourm    .   (no shield)
rNeg     + . .     Faith    .   y - +1 robe of Patterns {rCorr Int+4}
rPois    +         Spirit   .   (no helmet)
rElec    .         Reflect  .   o - +0 cloak {rPois}
rCorr    +         Harm     .   (no gloves)
MR       .....                  (no boots)
Stlth    +++.......             (no amulet)
HPRegen  0.21/turn              u - +4 ring of strength
MPRegen  0.16/turn              D - ring of protection from fire

@: marked, infused
A: distributed training, fangs 1, strong nose
a: Renounce Religion


You were on level 7 of the Dungeon.
You worshipped Ru.
Ru was noncommittal.
You were not hungry.

You visited 2 branches of the dungeon, and saw 8 of its levels.

You collected 337 gold pieces.

Inventory:

Hand Weapons
 a - a +0 mace
 c - a +2 vampiric short sword
 I - the +10 mace of Integrity (weapon) {crush, rN+ Dex+4}
   (You found it on level 7 of the Dungeon)

   It inflicts extra damage upon your enemies.
   It affects your dexterity (+4).
   It protects you from negative energy.
Missiles
 j - 7 curare-tipped darts (quivered)
Armour
 b - a +0 leather armour
 o - a +0 cloak of poison resistance (worn)
 y - the +1 robe of Patterns (worn) {rCorr Int+4}
   (You found it on level 5 of the Dungeon)

   It affects your intelligence (+4).
   It provides partial protection from all sources of acid and corrosion.
Jewellery
 u - a +4 ring of strength (left hand)
 v - an uncursed amulet of guardian spirit
 D - a ring of protection from fire (right hand)
Wands
 s - a wand of clouds (5)
 w - a wand of disintegration (4)
 B - a wand of polymorph (5)
 E - a wand of enslavement (10)
 G - a wand of flame (13)
Scrolls
 e - 5 scrolls of teleportation
 f - a scroll of amnesia
 g - 5 scrolls of remove curse {unknown}
 i - 3 scrolls of enchant armour {unknown}
 k - 3 scrolls of immolation
 l - a scroll of enchant weapon {unknown}
 m - a scroll of noise {unknown}
 q - 3 scrolls of fear {unknown}
 t - a scroll of fog {unknown}
 x - a scroll of random uselessness {unknown}
 H - a scroll of silence {unknown}
Potions
 h - a potion of heal wounds
 n - 2 potions of magic
 p - 2 potions of agility
 r - 2 potions of curing
 z - a potion of invisibility {unknown}
 A - a potion of berserk rage
 F - a potion of mutation {unknown}
Comestibles
 d - 15 rations


   Skills:
 + Level 6.0 Fighting
 + Level 3.7 Short Blades
 + Level 3.7 Long Blades
 + Level 3.7 Axes
 + Level 6.0 Maces & Flails
 + Level 3.7 Polearms
 + Level 3.7 Staves
 + Level 3.7 Slings
 + Level 3.7 Bows
 + Level 3.7 Crossbows
 + Level 3.7 Throwing
 + Level 4.6 Armour
 + Level 6.0 Dodging
 + Level 3.7 Stealth
 + Level 3.7 Shields
 + Level 3.7 Unarmed Combat
 + Level 6.3 Spellcasting
 + Level 3.1 Conjurations
 + Level 3.1 Hexes
 + Level 6.3 Charms
 + Level 3.1 Summonings
 + Level 3.1 Necromancy
 + Level 3.1 Translocations
 + Level 3.1 Transmutations
 + Level 3.1 Fire Magic
 + Level 3.1 Ice Magic
 + Level 3.1 Air Magic
 + Level 3.1 Earth Magic
 + Level 3.1 Poison Magic
 + Level 4.1 Invocations
 + Level 3.7 Evocations


You had 9 spell levels left.
You knew the following spells:

 Your Spells              Type           Power        Failure   Level  Hunger
a - Infusion              Chrm           ####         1%          1    None
b - Song of Slaying       Chrm           ####....     1%          2    None
c - Shroud of Golubria    Chrm/Tloc      ###...       2%          2    None
d - Regeneration          Chrm/Necr      ###.......   4%          3    ##.....
e - Spectral Weapon       Hex/Chrm       ###.....     4%          3    ##.....

Your spell library contained the following spells:

 Spells                   Type           Power        Failure   Level  Hunger


Dungeon Overview and Level Annotations

Branches:
Dungeon (7/15)             Temple (1/1) D:7

Altars:
Ashenzari
Cheibriados
Dithmenos
Elyvilon
Fedhas
Gozag
Hepliaklqana
Kikubaaqudgha
Makhleb
Nemelex Xobeh
Okawaru
Qazlal
Ru
Sif Muna
Trog
Uskayaw
Vehumet
Wu Jian
Xom
Yredelemnul
Zin
The Shining One

Annotations:
D:4 1 runed translucent door, Jabberih's ghost, novice DrFE
D:7 Harold


Innate Abilities, Weirdness & Mutations

Your experience applies equally to all skills.
You have very sharp teeth.
Your uncanny sense of smell can sniff out nearby items.


Message History

You sock Harold!
Harold is moderately wounded.
Harold grumbles, "Just give up already, I want to go home!"
Harold hits you with a +0 flail!!
Your shroud falls apart!
The water moccasin closely misses you. Harold hits you with a +0 flail!
The water moccasin bites you.
* * * LOW HITPOINT WARNING * * *
Harold casts a spell at you. The mark upon you grows brighter.
Harold gestures at you while chanting. The mark upon you grows brighter.
There is a stone staircase leading down here.
Harold gestures at you while chanting. The harpoon shot hits you!
* * * LOW HITPOINT WARNING * * *
You are yanked forward by the harpoon shot.
Harold casts a spell at you. The harpoon shot hits you!
You die...

##. #....>..# #.##.### #
#.##.#..## ##....# #
#.#.#.###..####
#.#.##...#.#
#.#.###....#
#....###.#.# #.##.#@S#
#.#.# #.##.#..###.#.#
#.##..@.......#
......[......#.#
##.............#####
##.................. #
#P.P####.....#...... ...
##.##.<)............
#..P#...#P(#.....#######
#....>.[..#.....#
...#P#...#P##.#.###


You could see Harold and a water moccasin.

Vanquished Creatures
  A troll (D:7)
  Duvessa (D:6)
  A sky beast (D:5)
  3 ogres
  2 big kobolds (D:6)
  3 bullfrogs (D:6)
  Dowan (D:6)
  3 killer bees (D:6)
  A centaur zombie (D:7)
  A crimson imp (D:5)
  A hound (D:4)
  A jelly (D:5)
  3 orc wizards
  3 iguanas
  4 gnolls (D:6)
  9 adders
  A shadow imp (D:3)
  2 adder zombies (D:6)
  2 oozes
  4 worms
  3 dart slugs
  3 leopard geckos
  5 orcs
  5 ball pythons
  2 giant cockroaches (D:3)
  6 goblins (D:1)
  6 hobgoblins
  12 jackals
  28 kobolds
  2 quokkas
  6 bats
  3 frilled lizards
  5 rats
133 creatures vanquished.

Vanquished Creatures (others)
  2 spectral weapons
2 creatures vanquished.

Grand Total: 135 creatures vanquished

Notes
Turn   | Place    | Note
-------+----------+-------------------------------------------
     0 | D:1      | Lemonice the Gnoll Skald began the quest for the Orb.
     0 | D:1      | Reached XP level 1. HP: 20/20 MP: 6/6
    48 | D:1      | Reached XP level 2. HP: 18/26 MP: 7/7
   304 | D:1      | Reached XP level 3. HP: 28/31 MP: 9/9
   311 | D:1      | Reached skill level 5 in Spellcasting
   316 | D:1      | Learned a level 2 spell: Song of Slaying
   320 | D:1      | Learned a level 2 spell: Shroud of Golubria
   335 | D:1      | Learned a level 3 spell: Regeneration
   339 | D:1      | Learned a level 3 spell: Spectral Weapon
   990 | D:2      | Reached skill level 1 in Invocations
  1223 | D:2      | Reached skill level 1 in Short Blades
  1223 | D:2      | Reached skill level 1 in Long Blades
  1223 | D:2      | Reached skill level 1 in Axes
  1223 | D:2      | Reached skill level 1 in Polearms
  1223 | D:2      | Reached skill level 1 in Staves
  1223 | D:2      | Reached skill level 1 in Slings
  1223 | D:2      | Reached skill level 1 in Bows
  1223 | D:2      | Reached skill level 1 in Crossbows
  1223 | D:2      | Reached skill level 1 in Throwing
  1223 | D:2      | Reached skill level 1 in Stealth
  1223 | D:2      | Reached skill level 1 in Shields
  1223 | D:2      | Reached skill level 1 in Unarmed Combat
  1223 | D:2      | Reached skill level 1 in Evocations
  1223 | D:2      | Reached XP level 4. HP: 25/38 MP: 11/11
  1514 | D:3      | Reached skill level 1 in Conjurations
  1514 | D:3      | Reached skill level 1 in Hexes
  1514 | D:3      | Reached skill level 1 in Summonings
  1514 | D:3      | Reached skill level 1 in Necromancy
  1514 | D:3      | Reached skill level 1 in Translocations
  1514 | D:3      | Reached skill level 1 in Transmutations
  1514 | D:3      | Reached skill level 1 in Fire Magic
  1514 | D:3      | Reached skill level 1 in Ice Magic
  1514 | D:3      | Reached skill level 1 in Air Magic
  1514 | D:3      | Reached skill level 1 in Earth Magic
  1514 | D:3      | Reached skill level 1 in Poison Magic
  1587 | D:3      | Reached XP level 5. HP: 41/43 MP: 5/12
  2356 | D:4      | Found a stormy altar of Qazlal.
  2356 | D:4      | Noticed a fire elemental
  2357 | D:4      | Noticed an air elemental
  2365 | D:4      | Noticed a water elemental
  2407 | D:4      | Noticed an ogre
  2418 | D:4      | Killed an ogre
  2418 | D:4      | Reached XP level 6. HP: 50/50 MP: 0/13
  2475 | D:4      | Reached skill level 5 in Fighting
  2475 | D:4      | Reached skill level 5 in Maces & Flails
  2475 | D:4      | Reached skill level 5 in Dodging
  2499 | D:4      | Found a runed translucent door.
  2504 | D:4      | Noticed Jabberih's ghost (novice DrFE)
  2905 | D:5      | Entered Level 5 of the Dungeon
  3168 | D:5      | Reached XP level 7. HP: 56/56 MP: 0/15
  3280 | D:5      | Got a fabulously ornate robe
  3291 | D:5      | Identified the +1 robe of Patterns {rCorr Int+4} (You found
                  | it on level 5 of the Dungeon)
  4183 | D:6      | Found a sparkling altar of Nemelex Xobeh.
  4407 | D:6      | Reached XP level 8. HP: 63/63 MP: 7/16
  4479 | D:6      | Noticed Duvessa
  4490 | D:6      | Noticed Dowan
  4495 | D:6      | Killed Duvessa
  4505 | D:6      | Killed Dowan
  5208 | D:7      | Found a staircase to the Ecumenical Temple.
  5338 | Temple   | Entered the Ecumenical Temple
  5448 | Temple   | Became a worshipper of Ru the Awakened
  5529 | D:7      | Noticed a troll
  5540 | D:7      | Killed a troll
  5540 | D:7      | Reached XP level 9. HP: 59/69 MP: 7/18
  5558 | D:7      | Got an iridescent mace
  5559 | D:7      | Identified the +10 mace of Integrity {crush, rN+ Dex+4}
                  | (You found it on level 7 of the Dungeon)
  5576 | D:7      | Noticed Harold
  5613 | D:7      | Killed from afar by Harold

Levels and vault maps discovered:
D:1:      scummos_arrival_forest, layout_loops_ring,
          chequers_serial_rivers_micro_a, minmay_indecisive_spiral
D:2:      layout_basic, first_ration
D:3:      layout_basic, minmay_divided_ellipse
D:4:      layout_loops_corners, nicolae_qazlal_style_of_elements,
          ebering_ghost_inner_flame
D:5:      layout_layer_cave
D:6:      kennysheep_kobold_camp, layout_basic,
          nemelex_xobeh_ov_fountains_minmay, uniq_duvessa
D:7:      layout_loops_ring, minmay_temple_entry_gardened_gates, uniq_harold,
          uniq_joseph
Temple:   kilobyte_greek_temple

Skill      XL: |  1  2  3  4  5  6  7  8 |
---------------+-------------------------+-----
Spellcasting   | 5 6 |  6.3
Invocations    | 1 2 3 4 |  4.1
Short Blades   | 1 2 3 |  3.7
Long Blades    | 1 2 3 |  3.7
Axes           | 1 2 3 |  3.7
Polearms       | 1 2 3 |  3.7
Staves         | 1 2 3 |  3.7
Slings         | 1 2 3 |  3.7
Bows           | 1 2 3 |  3.7
Crossbows      | 1 2 3 |  3.7
Throwing       | 1 2 3 |  3.7
Stealth        | 1 2 3 |  3.7
Shields        | 1 2 3 |  3.7
Unarmed Combat | 1 2 3 |  3.7
Evocations     | 1 2 3 |  3.7
Conjurations   | 1 2 3 |  3.1
Hexes          | 1 2 3 |  3.1
Summonings     | 1 2 3 |  3.1
Necromancy     | 1 2 3 |  3.1
Translocations | 1 2 3 |  3.1
Transmutations | 1 2 3 |  3.1
Fire Magic     | 1 2 3 |  3.1
Ice Magic      | 1 2 3 |  3.1
Air Magic      | 1 2 3 |  3.1
Earth Magic    | 1 2 3 |  3.1
Poison Magic   | 1 2 3 |  3.1
Armour         | 3 4 |  4.6
Fighting       | 5 6 |  6.0
Maces & Flails | 5 6 |  6.0
Dodging        | 5 6 |  6.0
Charms         | 6 |  6.3

Action                   |  1- 3 |  4- 6 |  7- 9 || total
-------------------------+-------+-------+-------++-------
Melee: Short sword       |   132 |   130 |   207 ||   469
       Mace              |     1 |       |     3 ||     4
       Bite              |    13 |     7 |    28 ||    48
       Punch             |       |       |     3 ||     3
 Cast: Infusion          |     1 |     9 |    12 ||    22
       Shroud of Golubri |     1 |     8 |    12 ||    21
       Spectral Weapon   |     1 |     5 |     4 ||    10
       Regeneration      |       |     2 |     9 ||    11
       Song of Slaying   |       |     2 |     3 ||     5
  Use: Scroll            |       |     3 |     7 ||    10
 Stab: Sleeping          |     1 |     5 |     2 ||     8
  Eat: Chunk             |     1 |     7 |     6 ||    14
       Ration            |       |       |     1 ||     1
Armor: Leather armour    |    40 |    26 |     1 ||    67
       Robe              |       |       |    25 ||    25
Dodge: Dodged            |   116 |    96 |   145 ||   357
